 Dungeon Crawl Stone Soup version 0.13-a0-2531-g2ad9301 (webtiles) character file.

300 Kae the Ruinous (level 5, -1/28 HPs)
             Began as a Tengu Fire Elementalist on July 26, 2013.
             Killed from afar by Terence (6 damage)
             ... with a wand of frost
             ... on Level 3 of the Dungeon.
             The game lasted 00:04:04 (3498 turns).

Kae the Ruinous (Tengu Fire Elementalist)           Turns: 3498, Time: 00:04:04

HP  -1/28        AC  3     Str  8      XL: 5   Next: 27%
MP   8/11        EV 15     Int 16      God:
Gold 155         SH  0     Dex 15      Spells:  3 memorised,  2 levels left

Res.Fire  : . . .   See Invis. : .   (no weapon)
Res.Cold  : . . .   Warding    : .   a - +0 robe
Life Prot.: . . .   Conserve   : .   (no shield)
Res.Poison: .       Res.Corr.  : .   (helmet restricted)
Res.Elec. : .       Clarity    : .   o - +0 cloak
Sust.Abil.: . .     Spirit.Shd : .   (no gloves)
Res.Mut.  : .       Stasis     : .   (boots unavailable)
Res.Rott. : .       Flight     : +   (no amulet)
Saprovore : . . .                    (no ring)
                                     (no ring)

@: flying, quick, slightly resistant to hostile enchantments, fairly stealthy
A: able to fly, beak, talons 3
a: no special abilities


You were on level 3 of the Dungeon.
You were hungry.

You visited 1 branch of the dungeon, and saw 3 of its levels.

You collected 135 gold pieces.

Inventory:

Armour
 a - a +0 robe (worn)
 o - a +0 cloak (worn)
Comestibles
 c - 2 bread rations
 h - an orange
 j - an apple
Scrolls
 d - a scroll of enchant weapon II {unknown}
 e - 2 scrolls of magic mapping {unknown}
 i - 4 scrolls of identify {unknown}
 l - a scroll of curse weapon {unknown}
 m - a scroll of remove curse {unknown}
 n - a scroll of recharging {unknown}
 p - a scroll of amnesia {unknown}
 q - a scroll of teleportation {unknown}
 r - a scroll of fear {unknown}
 s - a scroll of noise {unknown}
Potions
 g - a potion of cure mutation
 k - a potion of resistance {unknown}
Books
 b - a book of Flames

   Spells                             Type                      Level
   *Flame Tongue                      Conjuration/Fire             1
   *Throw Flame                       Conjuration/Fire             2
   *Conjure Flame                     Conjuration/Fire             3
   Inner Flame                        Hexes/Fire                   3
   Sticky Flame                       Conjuration/Fire             4
   Fireball                           Conjuration/Fire             5


   Skills:
 - Level 2.1 Dodging
 - Level 2.0 Stealth
 + Level 2.1 Spellcasting
 * Level 4.9 Conjurations
 + Level 4.1 Fire Magic


You had 2 spell levels left.
You knew the following spells:

 Your Spells              Type           Power        Failure   Level  Hunger
a - Flame Tongue          Conj/Fire      ###..        3%          1    #......
b - Throw Flame           Conj/Fire      ###...       6%          2    ###....
c - Conjure Flame         Conj/Fire      ###.....     12%         3    ####...


Dungeon Overview and Level Annotations

Branches:
Dungeon (3/27)

Altars:
Xom

Annotations
D:3 Terence


Innate Abilities, Weirdness & Mutations

You can fly.
You have a beak for a mouth.
You have claws for feet.


Message History

Magic restored.
There is a stone staircase leading down here.
You start resting.
You start resting.
You are feeling hungry.
You climb downwards.
Level annotation: Terence Terence hits you with an orcish flail!
There is a stone staircase leading up here.
Unknown command.
You see here an adder skeleton.
Terence shouts, "DIE!!!"
Terence zaps a wand.
The puff of frost misses you.
Terence zaps a wand.
The puff of frost hits you!
Use which ability? (? or * to list)
You swoop lightly up into the air.
You feel somewhat more hungry.
Terence zaps a wand.
The puff of frost hits you!
* * * LOW HITPOINT WARNING * * *
Terence zaps a wand.
The puff of frost hits you!
You die...

...........)<..#
#..######.####..# #..#
#.# #..# #..# #.# #..#
#..# #.# #..# #..# #.#
#..# #..# #.# #..# #..#
#.# #@.# #.@# #.# #..#
#..# #.# #..# #..# #.#
#..#
.#####..######.####..###
.........@%<.............
########################


You could see Terence.

Vanquished Creatures
  Jessica (D:2)
  6 adders
  A giant mite (D:2)
  A worm (D:3)
  A giant gecko (D:2)
  An ooze (D:3)
  3 orcs (D:3)
  2 ball pythons
  5 giant cockroaches
  6 goblins
  7 hobgoblins
  8 kobolds
  7 bats
  6 giant newts
  2 jackals (D:2)
  5 rats
62 creatures vanquished.

Notes
Turn   | Place    | Note
--------------------------------------------------------------
     0 | D:1      | Kae, the Tengu Fire Elementalist, began the quest for the Orb.
     0 | D:1      | Reached XP level 1. HP: 10/10 MP: 3/3
   272 | D:1      | Reached XP level 2. HP: 10/15 MP: 5/5
  1288 | D:2      | Reached XP level 3. HP: 19/19 MP: 7/7
  1315 | D:2      | Learned a level 2 spell: Throw Flame
  1355 | D:2      | Found a shimmering altar of Xom.
  1820 | D:2      | Reached skill level 4 in Conjurations
  1820 | D:2      | Reached XP level 4. HP: 24/24 MP: 5/8
  2098 | D:2      | Noticed Jessica
  2102 | D:2      | Killed Jessica
  2566 | D:3      | Reached XP level 5. HP: 28/28 MP: 8/11
  2848 | D:3      | Noticed Terence
  2856 | D:2      | Learned a level 3 spell: Conjure Flame
  3498 | D:3      | Killed from afar by Terence

Action                   |  1- 3 |  4- 6 || total
-------------------------+-------+-------++-------
Melee: Unarmed           |    28 |     4 ||    32
 Cast: Flame Tongue      |    44 |    70 ||   114
       Conjure Flame     |       |     5 ||     5
 Abil: Fly               |       |     2 ||     2
  Use: Potion            |     5 |       ||     5
 Stab: Sleeping          |     3 |       ||     3
